 Dungeon Crawl Stone Soup version 0.21.1-1-g345015fe64 (webtiles) character file.

0 Gargoyl the Skirmisher (level 1, -17/15 HPs)
             Began as a Centaur Abyssal Knight on July 6, 2018.
             Was a Follower of Lugonu.
             Killed from afar by a wretched star (23 damage)
             ... with an orb of energy
             ... on level 2 of the Abyss.
             The game lasted 00:01:09 (234 turns).

Gargoyl the Skirmisher (Centaur Abyssal Knight)      Turns: 234, Time: 00:01:10

Health: -17/15     AC:  4    Str: 14    XL:     1   Next: 0%
Magic:  2/2        EV:  9    Int: 11    God:    Lugonu [*.....]
Gold:   35         SH:  0    Dex:  8    Spells: 0/0 levels left

rFire    . . .     SeeInvis .   a - +1 hand axe
rCold    . . .     Gourm    .   (no shield)
rNeg     . . .     Faith    .   b - +0 leather armour
rPois    .         Spirit   .   (no helmet)
rElec    .         Reflect  .   (no cloak)
rCorr    .         Harm     .   (no gloves)
MR       .....     Rnd*Tele +   (no barding)
Stlth    +.........             (no amulet)
HPRegen  0.05/turn              e - ring of teleportation (curse)
MPRegen  0.08/turn              (no ring)

@: very slow
A: large, hooves 3, deformed body, speed 2, [frail 2], tough skin 3, [MP-powered
wands]
a: Depart the Abyss, Renounce Religion


You were on level 2 of the Abyss.
You worshipped Lugonu.
Lugonu was aware of your devotion.
You were not hungry.

You visited 0 branches of the dungeon, and saw 0 of its levels.
You visited the Abyss 1 time.

You collected 35 gold pieces.

Inventory:

Hand Weapons
 a - a +1 hand axe (weapon)
Armour
 b - a +0 leather armour (worn)
Jewellery
 e - a cursed ring of teleportation (left hand)
Potions
 d - a potion of flight
Comestibles
 c - 2 rations


   Skills:
 + Level 3.0 Fighting
 + Level 1.7 Axes
 + Level 1.3 Armour
 + Level 0.6 Dodging
 + Level 2.0 Invocations


You couldn't memorise any spells.
You didn't know any spells.

Dungeon Overview and Level Annotations

Branches:
Dungeon (0/15)

Altars:


Innate Abilities, Weirdness & Mutations

You have hooves in place of feet.
Armour fits poorly on your strangely shaped body.
You cover ground very quickly.
You have extremely tough skin. (AC +3)
[You are very frail. (-20% HP)]
[You expend magic power (3 MP) to strengthen your wands.]


Message History

You feel frail. x2
A ynoxinul comes into view.
The ynoxinul bellows!
Found a bronze wand.
A wretched star comes into view.
The ynoxinul hits you but does no damage.
A spatial vortex comes into view.
Found a blowgun.
A wretched star comes into view.
Found a brass ring.
You enter the shallow water.
Moving in this stuff is going to be slow.
The wretched star glows turbulently.
The orb of energy misses you.
You enter the shallow water.
Moving in this stuff is going to be slow.
The wretched star glows turbulently.
The orb of energy hits you!
Ouch! That really hurt!
You die...

.##. #..## .....
.
≈......3x.....##
#.#.##.#..###....
#≈.###.##..#.# .
#. #≈...≈.3x.# .#
. ≈≈≈≈≈###.###..#
.###≈.##....#
#≈.....###..#.
≈≈##≈≈≈@......#
.. ###.#≈......
#..≈##.#.#..
#..≈#.≈ *# .=
##..≈..≈≈. .. ##
.≈≈≈#≈≈ #
#.≈#...≈≈
.##....##. #
..#..


You could see a wretched star, a ynoxinul and a small abomination.

Vanquished Creatures (others)
  4 starspawn tentacles (Abyss:2)
4 creatures vanquished.

Notes
Turn   | Place    | Note
-------+----------+-------------------------------------------
     0 | Abyss:1  | Gargoyl the Centaur Abyssal Knight began the quest for the Orb.
     0 | Abyss:1  | Reached XP level 1. HP: 19/19 MP: 2/2
    11 | Abyss:2  | Found a corrupted altar of Lugonu.
    75 | Abyss:2  | Noticed a large abomination
   111 | Abyss:2  | Noticed a large abomination
   117 | Abyss:2  | Noticed an ancient zyme
   143 | Abyss:2  | Noticed an iron imp
   145 | Abyss:2  | Noticed a small abomination
   149 | Abyss:2  | Noticed an insubstantial wisp
   149 | Abyss:2  | Noticed an insubstantial wisp
   151 | Abyss:2  | Noticed an insubstantial wisp
   152 | Abyss:2  | Noticed an insubstantial wisp
   157 | Abyss:2  | Noticed a small abomination
   161 | Abyss:2  | Noticed a tentacled starspawn
   168 | Abyss:2  | Noticed a small abomination
   172 | Abyss:2  | Noticed a small abomination
   207 | Abyss:2  | Noticed a spatial maelstrom
   210 | Abyss:2  | Noticed a spatial vortex
   211 | Abyss:2  | Noticed a ynoxinul
   212 | Abyss:2  | Noticed a yellow draconian
   213 | Abyss:2  | Noticed a wretched star
   218 | Abyss:2  | Noticed a ynoxinul
   220 | Abyss:2  | Noticed a wretched star
   222 | Abyss:2  | Noticed a spatial vortex
   231 | Abyss:2  | Noticed a wretched star
   234 | Abyss:2  | Killed from afar by a wretched star

Action                   || total
-------------------------++-------
  Use: Potion            ||     1
Armor: Leather armour    ||     1
Dodge: Dodged            ||     1
